 Dungeon Crawl Stone Soup version 0.18.1-8-gdd0e5ea (webtiles) character file.

492 acoo the Chiller (level 6, 32/32 HPs)
             Began as a Deep Elf Ice Elementalist on Apr 30, 2016.
             Quit the game on level 5 of the Dungeon on May 21, 2016.
             The game lasted 00:54:35 (5531 turns).

acoo the Chiller (Deep Elf Ice Elementalist)        Turns: 5531, Time: 00:54:36

Health: 32/32      AC:  2    Str:  7    XL:     6   Next: 91%
Magic:  15/15      EV: 13    Int: 22    God:
Gold:   179        SH:  0    Dex: 15    Spells: 5 memorised, 1 level left

rFire  . . .     SeeInvis .     w - +0 short sword of the Twelve Mice {freeze, Str+2} (curse)
rCold  . . .     Gourm    .     a - +0 robe
rNeg   . . .     Faith    .     (no shield)
rPois  .         Spirit   .     (no helmet)
rElec  .         Dismiss  .     (no cloak)
rCorr  .         Reflect  .     (no gloves)
SustAt .         Harm     .     (no boots)
MR     .....                    (no amulet)
Stlth  ++........               (no ring)
                                (no ring)

@: not resistant to hostile enchantments, unstealthy
A: no striking features
a: no special abilities


You were on level 5 of the Dungeon.
You were not hungry.

You visited 1 branch of the dungeon, and saw 5 of its levels.

You collected 179 gold pieces.

Inventory:

Hand Weapons
 f - a +0 dagger
 w - the cursed +0 short sword of the Twelve Mice (weapon) {freeze, Str+2}
   (You found it on level 4 of the Dungeon)

   It has been specially enchanted to freeze those struck by it, causing extra
   injury to most foes and up to half again as much damage against particularly
   susceptible opponents.
   It can also slow down cold-blooded creatures.
   It affects your strength (+2).
   It has a curse placed upon it.
Missiles
 e - 121 stones (quivered)
 i - 13 poisoned needles
Armour
 a - a +0 robe (worn)
Scrolls
 g - 4 scrolls of remove curse
 l - 2 scrolls of identify
 n - a scroll of noise {unknown}
 o - 2 scrolls of recharging {unknown}
 p - a scroll of random uselessness {unknown}
 r - a scroll of amnesia {unknown}
 s - a scroll of immolation {unknown}
 t - 2 scrolls of fog {unknown}
 u - a scroll of fear {unknown}
 v - a scroll of teleportation {unknown}
Potions
 d - a potion of might
 h - 2 potions of cure mutation
 q - a potion of berserk rage
Books
 b - a book of Frost

   Spells                             Type                      Level
   a - Freeze                         Ice                          1
   b - Throw Frost                    Conjuration/Ice              2
   c - Ozocubu's Armour               Charms/Ice                   3
   d - Throw Icicle                   Conjuration/Ice              4
   e - Summon Ice Beast               Ice/Summoning                4
Comestibles
 c - 3 bread rations
 j - 2 meat rations
 k - 5 chunks of flesh


   Skills:
 - Level 0.2 Throwing
 - Level 2.4 Dodging
 - Level 2.4 Stealth
 + Level 5.3 Spellcasting
 * Level 4.4 Conjurations
 + Level 0.4 Summonings
 + Level 6.2 Ice Magic


You had one spell level left.
You knew the following spells:

 Your Spells              Type           Power        Failure   Level  Hunger
a - Freeze                Ice            ####         1%          1    None
b - Throw Frost           Conj/Ice       ####..       1%          2    None
c - Ozocubu's Armour      Chrm/Ice       ###.....     12%         3    ##.....
d - Throw Icicle          Conj/Ice       ####....     12%         4    ####...
e - Summon Ice Beast      Ice/Summ       ###.....     28%         4    ####...


Dungeon Overview and Level Annotations

Branches:
Dungeon (5/15)
 Temple: D:4-7

Altars:
Dithmenos
Fedhas
Trog
Xom

Shops:
D:5 *

Annotations:
D:5 jerkstore's ghost, amateur KoAr


Message History

You butcher the iguana corpse.
k - 6 chunks of flesh (gained 1) Eating one of 6 chunks of flesh.
This raw flesh tastes terrible.
You continue eating. x2
j - 2 meat rations (gained 1)
There is an open door here.
There is an entrance to Kematrie's Assorted Antiques here.
Level annotation: jerkstore's ghost, amateur KoAr Welcome back, acoo the Deep Elf Ice Elementalist.
Press ? for a list of commands and other information.
Level annotation: jerkstore's ghost, amateur KoAr Welcome back, acoo the Deep Elf Ice Elementalist.
Press ? for a list of commands and other information.
Unknown command.
Unknown command.
Saving game... please wait.
Level annotation: jerkstore's ghost, amateur KoAr Welcome back, acoo the Deep Elf Ice Elementalist.
Press ? for a list of commands and other information.
Are you sure you want to abandon this character and quit the game? (Confirm with "yes".)

#.... #.... ..#
#..W.#+###+###..
.............#..#
?............#...
......!......#..
..............#####+##
............#'#.$....#
...........>+@'......#
##+###+##...#+#......#
#............#
+............#
##............######+#
#.....#+##............
+.....# #............
#.....# #............
#.....# #...<........


There were no monsters in sight!

Vanquished Creatures
  2 ogres
  A giant frog (D:4)
  2 orc wizards (D:4)
  An iguana (D:5)
  A worker ant (D:4)
  A hound skeleton (D:5)
  4 adders
  An ooze (D:3)
  A worm (D:2)
  3 dart slugs
  7 giant geckos
  3 orcs (D:4)
  A ball python (D:2)
  11 bats
  4 giant cockroaches
  11 goblins
  6 hobgoblins
  9 jackals
  2 quokkas
  A giant gecko skeleton (D:4)
  3 giant newts
  5 kobolds
  9 rats
89 creatures vanquished.

Notes
Turn   | Place    | Note
--------------------------------------------------------------
     0 | D:1      | acoo the Deep Elf Ice Elementalist began the quest for the Orb.
     0 | D:1      | Reached XP level 1. HP: 10/10 MP: 6/6
   490 | D:1      | You fall through a shaft!
   490 | D:2      | Found a shadowy altar of Dithmenos.
   496 | D:2      | Reached XP level 2. HP: 15/15 MP: 6/8
   507 | D:2      | Learned a level 2 spell: Throw Frost
   671 | D:2      | Reached skill level 4 in Ice Magic
  1155 | D:1      | Reached XP level 3. HP: 19/19 MP: 7/10
  1160 | D:1      | Learned a level 3 spell: Ozocubu's Armour
  1766 | D:2      | Found a faded altar to an unknown god.
  2198 | D:2      | Found a bloodstained altar of Trog.
  2303 | D:3      | Reached XP level 4. HP: 24/24 MP: 5/11
  2309 | D:3      | Learned a level 4 spell: Throw Icicle
  3039 | D:3      | Reached skill level 5 in Ice Magic
  3075 | D:3      | Found a shimmering altar of Xom.
  3278 | D:3      | Noticed an ogre
  3294 | D:3      | Killed an ogre
  3294 | D:3      | Reached XP level 5. HP: 28/28 MP: 1/13
  4012 | D:4      | Reached XP level 6. HP: 28/32 MP: 11/15
  4322 | D:4      | Reached skill level 5 in Spellcasting
  4322 | D:4      | Reached skill level 6 in Ice Magic
  4419 | D:4      | Found a blossoming altar of Fedhas.
  4422 | D:4      | Got an ancient short sword
  4423 | D:4      | Identified the cursed +0 short sword of the Twelve Mice {freeze, Str+2} (You found it on level 4 of the Dungeon)
  5057 | D:5      | Entered Level 5 of the Dungeon
  5210 | D:5      | Noticed jerkstore's ghost (amateur KoAr)
  5229 | D:5      | Learned a level 4 spell: Summon Ice Beast
  5235 | D:5      | Found Kematrie's Assorted Antiques.
  5293 | D:5      | Noticed an orc warrior
  5531 | D:5      | Upgraded the game from 0.18-b1-10-g3f7de93 to 0.18-b1-23-gf76aad1
  5531 | D:5      | Upgraded the game from 0.18-b1-23-gf76aad1 to 0.18.1-2-ga659475
  5531 | D:5      | Upgraded the game from 0.18.1-2-ga659475 to 0.18.1-8-gdd0e5ea
  5531 | D:5      | Quit the game

Skill      XL: |  1  2  3  4  5  6 |
---------------+-------------------+-----
Ice Magic      | 4 5 6 |  6.2
Spellcasting   | 4 5 |  5.3
Conjurations   | 2 3 4 |  4.4
Throwing       | |  0.2
Dodging        | |  2.4
Stealth        | |  2.4
Summonings     | |  0.4

Action                   |  1- 3 |  4- 6 || total
-------------------------+-------+-------++-------
Melee: Dagger            |     1 |     1 ||     2
Throw: Stone             |    23 |     5 ||    28
 Cast: Freeze            |    27 |    27 ||    54
       Throw Frost       |    35 |    59 ||    94
       Ozocubu's Armour  |     2 |     4 ||     6
       Throw Icicle      |       |    10 ||    10
  Use: Scroll            |       |     4 ||     4
 Stab: Sleeping          |     1 |     1 ||     2
  Eat: Chunk             |     5 |    11 ||    16
       Royal jelly       |       |     1 ||     1
Armor: Robe              |     5 |     2 ||     7
Dodge: Dodged            |    14 |    11 ||    25
